IL
SYRACUSE CHIEFS @ ROCHESTER RED WINGS
04/10/2099
 
TOP OF THE 1ST
Syracuse Chiefs batting - Pitching for Rochester Red Wings : RHP Mitsuyasu Kume
Pitching: RHP Mitsuyasu Kume
Batting: RHB Ryan Carey 0-0: Called Strike
0-1: Ball
1-1: Ball
2-1: Ball
3-1: Base on Balls
Batting: RHB Alan Cecil 0-0: DOUBLE (Line Drive, 89D, EV 110.6 MPH)
Ryan Carey to third
Batting: LHB Tom Monroe 0-0: Ball
1-0: Ball
2-0: Foul Ball, location: 7LMF
2-1: Foul Ball, location: 9LSF
2-2: Ball
3-2: Strikes out looking
Batting: LHB Jesus Medrano 0-0: Called Strike
0-1: Called Strike
0-2: Ball
Wild Pitch!
Ryan Carey scores
Alan Cecil to third
1-2: Ball
2-2: Ground out 6-3 (Groundball, 6, EV 83.8 MPH)
Alan Cecil scores
Batting: RHB Mike Hoffman 0-0: Ball
1-0: Ball
2-0: Ball
3-0: Called Strike
3-1: Ground out 5-3 (Groundball, 56, EV 101.3 MPH)
Top of the 1st over - 2 runs, 1 hit, 0 errors, 0 left on base; Syracuse 2 - Rochester 0
BOTTOM OF THE 1ST
Rochester Red Wings batting - Pitching for Syracuse Chiefs : RHP Edwin Figueroa
Pitching: RHP Edwin Figueroa
Batting: RHB Brian Taylor 0-0: Ball
1-0: Called Strike
1-1: Ball
2-1: DOUBLE (Line Drive, 8RXD, EV 111.3 MPH)
Batting: RHB Carlos Rodela 0-0: Ball
1-0: Ball
2-0: Ball
3-0: Called Strike
3-1: Foul Ball, location: 2RF
3-2: Strikes out looking
Batting: LHB Bobby Jones 0-0: Ball
1-0: Swinging Strike
1-1: Ball
Brian Taylor steals 3rd base (no throw)
2-1: Foul Ball, location: 5SF
2-2: Foul Ball, location: 2F
2-2: Strikes out swinging
Batting: LHB Jay Molteni 0-0: Called Strike
0-1: Swinging Strike
0-2: Ball
1-2: Strikes out looking
Bottom of the 1st over - 0 runs, 1 hit, 0 errors, 1 left on base; Syracuse 2 - Rochester 0
TOP OF THE 2ND
Syracuse Chiefs batting - Pitching for Rochester Red Wings : RHP Mitsuyasu Kume
Batting: SHB Randy Marsh 0-0: Ball
1-0: Ground out 6-3 (Groundball, 6, EV 85.0 MPH)
Batting: RHB Brandon Blankenship 0-0: Ground out 5-3 (Groundball, 56S, EV 80.6 MPH)
Batting: RHB Jared White 0-0: Ball
1-0: Called Strike
1-1: Ball
2-1: Ball
3-1: Base on Balls
Batting: RHB Faical Giraldes 0-0: Called Strike
0-1: Foul Ball, location: 3FF
0-2: Strikes out swinging
Top of the 2nd over - 0 runs, 0 hits, 0 errors, 1 left on base; Syracuse 2 - Rochester 0
BOTTOM OF THE 2ND
Rochester Red Wings batting - Pitching for Syracuse Chiefs : RHP Edwin Figueroa
Batting: RHB Pablo Luna 0-0: Foul Ball, location: 2F
0-1: Fly out, F9 (Flyball, 89S, EV 88.8 MPH)
Batting: RHB Danny Strickland 0-0: Ball
1-0: Foul Ball, location: 3F
1-1: Foul Ball, location: 2F
1-2: Strikes out swinging
Batting: SHB Jimmy Dressler 0-0: Foul Ball, location: 5F
0-1: Foul Ball, location: 2F
0-2: Ball
1-2: Strikes out swinging
Bottom of the 2nd over - 0 runs, 0 hits, 0 errors, 0 left on base; Syracuse 2 - Rochester 0
TOP OF THE 3RD
Syracuse Chiefs batting - Pitching for Rochester Red Wings : RHP Mitsuyasu Kume
Batting: RHB Ryan Carey 0-0: Hit by Pitch
Batting: RHB Alan Cecil 0-0: Ball
1-0: Called Strike
1-1: DOUBLE (Line Drive, 9LS, EV 103.8 MPH)
Ryan Carey to third
Batting: LHB Tom Monroe 0-0: Swinging Strike
0-1: Ground out 4-3 (Groundball, 34, EV 99.4 MPH)
Ryan Carey scores
Alan Cecil to third
Batting: LHB Jesus Medrano 0-0: Ball
1-0: Ball
2-0: Ball
3-0: Called Strike
3-1: Hit by Pitch
Batting: RHB Mike Hoffman 0-0: Fly out, F8 (Flyball, 8RM, EV 90.0 MPH)
Runner from 3rd tags up, OUT at HOME! 8-2
Top of the 3rd over - 1 run, 1 hit, 0 errors, 1 left on base; Syracuse 3 - Rochester 0
BOTTOM OF THE 3RD
Rochester Red Wings batting - Pitching for Syracuse Chiefs : RHP Edwin Figueroa
Batting: RHB Gene Homann 0-0: Ground out 6-3 (Groundball, 6, EV 82.5 MPH)
Batting: RHB Jake Landen 0-0: Ball
1-0: Foul Ball, location: 9LDF
1-1: SINGLE (Groundball, 56D, EV 108.1 MPH)
Batting: RHB Brian Taylor 0-0: Called Strike
0-1: SINGLE (Line Drive, 8LS, EV 108.8 MPH)
Jake Landen to second
Batting: RHB Carlos Rodela 0-0: Called Strike
0-1: Foul Ball, location: 2F
0-2: Foul Ball, location: 25F
0-2: Foul Ball, location: 3F
0-2: Ball
1-2: Strikes out swinging
Batting: LHB Bobby Jones 0-0: Ball
1-0: Ball
2-0: Foul Ball, location: 7LDF
2-1: Foul Ball, location: 7LMF
2-2: Foul Ball, location: 2F
2-2: Foul Ball, location: 2F
2-2: Foul Ball, location: 5F
2-2: SINGLE (Groundball, 34D, EV 94.4 MPH)
Jake Landen to third
Brian Taylor to second
Runner from 3rd tries for Home, SAFE, throw by RF to home
Batting: LHB Jay Molteni 0-0: Ball
1-0: Called Strike
1-1: Called Strike
1-2: Strikes out looking
Bottom of the 3rd over - 1 run, 3 hits, 0 errors, 2 left on base; Syracuse 3 - Rochester 1
TOP OF THE 4TH
Syracuse Chiefs batting - Pitching for Rochester Red Wings : RHP Mitsuyasu Kume
Batting: SHB Randy Marsh 0-0: Foul Ball, location: 7LMF
0-1: SINGLE (Line Drive, 6D, EV 100.0 MPH)
Batting: RHB Brandon Blankenship 0-0: Ball
1-0: Bunted foul
1-1: Ball
2-1: Bunted foul
2-2: Ball
3-2: SINGLE (Line Drive, 89M, EV 109.4 MPH)
Randy Marsh to second
Batting: RHB Jared White 0-0: Ball
1-0: Bunted foul
1-1: Ball
2-1: Bunt missed!
2-2: Strikes out swinging
Batting: RHB Faical Giraldes 0-0: Ball
1-0: Ball
2-0: Called Strike
2-1: Ball
3-1: Called Strike
3-2: Strikes out swinging
Batting: RHB Ryan Carey 0-0: SINGLE (Groundball, 6MD, EV 107.5 MPH)
Randy Marsh to third
Brandon Blankenship to second
Runner from 3rd tries for Home, SAFE, throw by CF to home
Batting: RHB Alan Cecil 0-0: Fly out, F9 (Flyball, 9LS, EV 81.3 MPH)
Top of the 4th over - 1 run, 3 hits, 0 errors, 2 left on base; Syracuse 4 - Rochester 1
BOTTOM OF THE 4TH
Rochester Red Wings batting - Pitching for Syracuse Chiefs : RHP Edwin Figueroa
Batting: RHB Pablo Luna 0-0: Called Strike
0-1: Foul Ball, location: 2F
0-2: Ball
1-2: Ground out 5-3 (Groundball, 5, EV 104.4 MPH)
Batting: RHB Danny Strickland 0-0: Ball
1-0: Ball
2-0: Ball
3-0: Base on Balls
Batting: SHB Jimmy Dressler 0-0: Fly out, F7 (Flyball, 7D, EV 100.6 MPH)
Batting: RHB Gene Homann 0-0: Called Strike
0-1: Ball
1-1: Foul Ball, location: 5F
1-2: 2-RUN HOME RUN (Flyball, 8LXD, EV 112.5 MPH), Distance : 439 ft
Batting: RHB Jake Landen 0-0: Fly out, F6 (Popup, 6, EV 76.3 MPH)
Bottom of the 4th over - 2 runs, 1 hit, 0 errors, 0 left on base; Syracuse 4 - Rochester 3
TOP OF THE 5TH
Syracuse Chiefs batting - Pitching for Rochester Red Wings : RHP Mitsuyasu Kume
Batting: LHB Tom Monroe 0-0: Ball
1-0: Ball
2-0: Ball
3-0: Called Strike
3-1: Foul Ball, location: 2F
3-2: Fly out, F8 (Flyball, 8LS, EV 88.8 MPH)
Batting: LHB Jesus Medrano 0-0: Ground out 4-3 (Groundball, 4, EV 77.5 MPH)
Batting: RHB Mike Hoffman 0-0: DOUBLE (Line Drive, 78D, EV 108.1 MPH)
Batting: SHB Randy Marsh 0-0: Foul Ball, location: 2F
0-1: Fly out, F9 (Flyball, 89S, EV 91.3 MPH)
Top of the 5th over - 0 runs, 1 hit, 0 errors, 1 left on base; Syracuse 4 - Rochester 3
BOTTOM OF THE 5TH
Rochester Red Wings batting - Pitching for Syracuse Chiefs : RHP Edwin Figueroa
Batting: RHB Brian Taylor 0-0: Called Strike
0-1: Ball
1-1: Foul Ball, location: 2F
1-2: Strikes out swinging
Batting: RHB Carlos Rodela 0-0: Swinging Strike
0-1: Swinging Strike
0-2: Foul Ball, location: 7LSF
0-2: Foul Ball, location: 9LDF
0-2: Ball
1-2: Ball
2-2: Ball
3-2: Foul Ball, location: 3SF
3-2: Base on Balls
Batting: LHB Bobby Jones 0-0: Foul Ball, location: 7LDF
0-1: Ball
1-1: Swinging Strike
1-2: Foul Ball, location: 2F
1-2: Ball
Wild Pitch!
Carlos Rodela to second
2-2: Strikes out swinging
Batting: LHB Jay Molteni 0-0: Foul Ball, location: 2F
0-1: Foul Ball, location: 9LSF
0-2: Foul Ball, location: 25FF
0-2: Ball
1-2: Ball
2-2: Fly out, F9 (Flyball, 9S, EV 84.4 MPH)
Bottom of the 5th over - 0 runs, 0 hits, 0 errors, 1 left on base; Syracuse 4 - Rochester 3
TOP OF THE 6TH
Syracuse Chiefs batting - Pitching for Rochester Red Wings : RHP Mitsuyasu Kume
Batting: RHB Brandon Blankenship 0-0: Swinging Strike
0-1: SINGLE (Line Drive, 89S, EV 98.1 MPH)
Batting: RHB Jared White 0-0: Ball
1-0: Sac Bunt to 13S - play at first, batter OUT! 1-4
Brandon Blankenship to second
Batting: RHB Faical Giraldes 0-0: Ball
1-0: Foul Ball, location: 2F
1-1: SINGLE (Line Drive, 6D, EV 111.3 MPH)
Brandon Blankenship to third
Runner from 3rd tries for Home, SAFE, throw by LF to home
Pitching: RHP Edwin Pereira
Batting: RHB Ryan Carey 0-0: Swinging Strike
0-1: Ball
1-1: Called Strike
1-2: Ball
2-2: Foul Ball, location: 2F
2-2: Strikes out swinging
Batting: RHB Alan Cecil 0-0: Foul Ball, location: 5SF
0-1: Called Strike
0-2: Foul Ball, location: 2F
0-2: Fly out, F7 (Flyball, 7D, EV 101.3 MPH)
Top of the 6th over - 1 run, 2 hits, 0 errors, 1 left on base; Syracuse 5 - Rochester 3
BOTTOM OF THE 6TH
Rochester Red Wings batting - Pitching for Syracuse Chiefs : RHP Edwin Figueroa
Batting: RHB Pablo Luna 0-0: Ball
1-0: Ball
2-0: Foul Ball, location: 9LDF
2-1: Called Strike
2-2: Strikes out looking
Batting: RHB Danny Strickland 0-0: Ball
1-0: Called Strike
1-1: Ball
2-1: Swinging Strike
2-2: Ball
3-2: Base on Balls
Batting: SHB Jimmy Dressler 0-0: Ball
1-0: Called Strike
1-1: Called Strike
1-2: Foul Ball, location: 2F
1-2: Ball
2-2: Strikes out looking
Batting: RHB Gene Homann 0-0: Ball
1-0: Ball
2-0: Fly out, F8 (Flyball, 8LS, EV 88.8 MPH)
Bottom of the 6th over - 0 runs, 0 hits, 0 errors, 1 left on base; Syracuse 5 - Rochester 3
TOP OF THE 7TH
Syracuse Chiefs batting - Pitching for Rochester Red Wings : RHP Edwin Pereira
Pitching: LHP Jesse Allen
Batting: LHB Tom Monroe 0-0: Foul Ball, location: 2F
0-1: Ball
1-1: Ground out 4-3 (Groundball, 4, EV 91.9 MPH)
Batting: LHB Jesus Medrano 0-0: Called Strike
0-1: Ball
1-1: Foul Ball, location: 2F
1-2: Ball
2-2: Ball
3-2: Ground out 4-3 (Groundball, 4, EV 79.4 MPH)
Pitching: RHP Nick Stubbs
Batting: RHB Mike Hoffman 0-0: Called Strike
0-1: Ball
1-1: Foul Ball, location: 9LDF
1-2: Ball
2-2: Strikes out swinging
Top of the 7th over - 0 runs, 0 hits, 0 errors, 0 left on base; Syracuse 5 - Rochester 3
BOTTOM OF THE 7TH
Rochester Red Wings batting - Pitching for Syracuse Chiefs : RHP Edwin Figueroa
Pitching: LHP Alvin Mendez
Batting: RHB Jake Landen 0-0: Called Strike
0-1: Foul Ball, location: 9LMF
0-2: Foul Ball, location: 2F
0-2: Foul Ball, location: 9LDF
0-2: Ball
1-2: Ball
2-2: SINGLE (Flyball, 3D, EV 91.9 MPH)
Batting: RHB Brian Taylor 0-0: Swinging Strike
0-1: Swinging Strike
0-2: Strikes out swinging
Batting: RHB Carlos Rodela 0-0: Ball
1-0: Ball
2-0: Ball
3-0: Called Strike
3-1: Foul Ball, location: 2F
3-2: Grounds into double play, 5-4-3 (Groundball, 5L, EV 96.9 MPH)
Bottom of the 7th over - 0 runs, 1 hit, 0 errors, 0 left on base; Syracuse 5 - Rochester 3
TOP OF THE 8TH
Syracuse Chiefs batting - Pitching for Rochester Red Wings : RHP Nick Stubbs
Pitching: RHP Danny Nunez
Batting: SHB Randy Marsh 0-0: Ball
1-0: Fly out, F5 (Popup, 56S, EV 71.3 MPH)
Batting: RHB Brandon Blankenship 0-0: Ball
1-0: Called Strike
1-1: Ball
2-1: Foul Ball, location: 9LSF
2-2: Ball
3-2: Fly out, F8 (Flyball, 78M, EV 91.3 MPH)
Batting: RHB Jared White 0-0: Ball
1-0: SINGLE (Line Drive, 9LS, EV 108.1 MPH)
Batting: RHB Faical Giraldes 0-0: Ball
Jared White steals 2nd base
1-0: Ball
2-0: Ball
3-0: Called Strike
3-1: Swinging Strike
3-2: Strikes out swinging, 2-3 out at first.
Top of the 8th over - 0 runs, 1 hit, 0 errors, 1 left on base; Syracuse 5 - Rochester 3
BOTTOM OF THE 8TH
Rochester Red Wings batting - Pitching for Syracuse Chiefs : LHP Alvin Mendez
Pitching: RHP Juan Ventura
Batting: LHB Bobby Jones 0-0: Ball
1-0: Called Strike
1-1: Ball
2-1: Foul Ball, location: 9LSF
2-2: Ball
3-2: Base on Balls
Batting: LHB Jay Molteni 0-0: Ball
1-0: Swinging Strike
1-1: Ball
2-1: Foul Ball, location: 2F
2-2: Strikes out swinging
Batting: RHB Pablo Luna 0-0: Ball
1-0: Ball
2-0: Called Strike
2-1: Ball
3-1: Foul Ball, location: 7LSF
3-2: Grounds into double play, 5-4-3 (Groundball, 56, EV 105.0 MPH)
Bottom of the 8th over - 0 runs, 0 hits, 0 errors, 0 left on base; Syracuse 5 - Rochester 3
TOP OF THE 9TH
Syracuse Chiefs batting - Pitching for Rochester Red Wings : RHP Danny Nunez
Batting: RHB Ryan Carey 0-0: Ball
1-0: Ball
2-0: Called Strike
2-1: Foul Ball, location: 3F
2-2: Ground out 6-3 (Groundball, 6, EV 101.3 MPH)
Batting: RHB Alan Cecil 0-0: Ball
1-0: Ball
2-0: Fly out, F9 (Flyball, 89S, EV 90.6 MPH)
Batting: LHB Tom Monroe 0-0: Ball
1-0: Foul Ball, location: 2F
1-1: Foul Ball, location: 2F
1-2: Ball
2-2: Foul Ball, location: 5SF
2-2: Ground out 5-3 (Groundball, 5, EV 107.5 MPH)
Top of the 9th over - 0 runs, 0 hits, 0 errors, 0 left on base; Syracuse 5 - Rochester 3
BOTTOM OF THE 9TH
Rochester Red Wings batting - Pitching for Syracuse Chiefs : RHP Juan Ventura
Now at 1B: Josh Elkins
Batting: RHB Danny Strickland 0-0: Called Strike
0-1: DOUBLE (Line Drive, 78XD, EV 100.0 MPH)
Batting: SHB Jimmy Dressler 0-0: Foul Ball, location: 5FF
0-1: Foul Ball, location: 9LMFF
0-2: Ball
1-2: Fly out, F7 (Line Drive, 78S, EV 90.0 MPH)
Batting: RHB Gene Homann 0-0: Called Strike
0-1: Foul Ball, location: 5FF
0-2: Strikes out swinging
Batting: RHB Jake Landen 0-0: Fly out, F8 (Flyball, 89M, EV 82.5 MPH)
Bottom of the 9th over - 0 runs, 1 hit, 0 errors, 1 left on base; Syracuse 5 - Rochester 3
Friday, May 3rd , 2024 - OOTP Baseball 24.11 Build 85